AoeStats
← LaViejaChicha

Black Forest

509531259Analyzed
3v3 RM · 6d ago on Sep 27, 2026· 50m 17s· 6 players
Game mode
Random Map
Map size
Normal (6 player)
Population
200
Speed
Normal
Resources
Standard
Victory
Conquest
Starting age
Dark Age
Ending age
Imperial Age
RankedLock teamsTeams togetherTeam positionsShared explorationLock speedFull tech treeHidden civsTurbo modeCheats
Victory
Defeat
🇮🇳 Gurjaras · India
1190
+13
🇦🇷 Lithuanians · Argentina
1138
+15
🇲🇽 Saracens · Mexico
1115
+16
🇨🇱 Vietnamese · Chile
1177
-16
🇨🇱 Portuguese · Chile
1136
-15
🇦🇷 Poles · Argentina
1068
-18
[GDL] Doña Pelos
6:44 Loom
12:16 Feudal Age
13:17 Double-Bit Axe
16:12 Castle Age
14:25 Gold Mining
14:36 Fishing Lines
17:21 Bow Saw
17:49 Horse Collar
19:01 Heavy Plow
24:45 Wheelbarrow
24:43 Gillnets
26:00 Caravan
29:15 Imperial Age
27:33 Hand Cart
28:22 Bloodlines
28:16 Husbandry
29:02 Forging
28:57 Scale Barding Armor
29:17 Ballistics
29:48 Gold Shaft Mining
29:04 Stone Mining
29:16 Town Watch
31:19 Chemistry
31:23 Two-Man Saw
31:32 Conscription
31:59 Caravan
31:33 Heavy Camel Rider
31:58 Pikeman
33:18 Chain Barding Armor
33:34 Iron Casting
33:26 Elite Mameluke
33:59 Light Cavalry
34:05 Capped Ram
34:52 Hussar
37:25 Blast Furnace
38:26 Plate Barding Armor
37:45 Onager
39:10 Padded Archer Armor
39:01 Fletching
39:39 Siege Engineers
49:57 Bodkin Arrow
50:18 Leather Archer Armor
50:25 Masonry
buddy219755
11:58 Feudal Age
12:02 Loom
14:21 Double-Bit Axe
14:26 Loom
14:50 Horse Collar
17:31 Castle Age
19:11 Wheelbarrow
18:56 Bow Saw
19:10 Heavy Plow
26:16 Gold Mining
26:20 Stone Mining
27:36 Hand Cart
28:35 Stone Shaft Mining
28:38 Gold Shaft Mining
32:03 Imperial Age
30:11 Fletching
30:22 Padded Archer Armor
30:35 Bloodlines
30:26 Husbandry
30:51 Thumb Ring
30:54 Bodkin Arrow
31:54 Stone Shaft Mining
32:34 Leather Archer Armor
32:25 Scale Barding Armor
32:31 Forging
32:29 Kshatriyas
32:49 Ballistics
33:13 Conscription
33:16 Frontier Guards
33:19 Caravan
33:06 Elite Elephant Archer
33:52 Bracer
33:21 Light Cavalry
35:39 Chemistry
35:44 Crop Rotation
35:45 Hussar
36:50 Chain Barding Armor
37:06 Iron Casting
37:46 Heavy Camel Rider
40:08 Coinage
39:24 Onager
44:36 Plate Barding Armor
_xmorgan_
1:43 Loom
12:51 Feudal Age
18:16 Castle Age
18:01 Wheelbarrow
17:14 Double-Bit Axe
21:19 Bow Saw
20:52 Horse Collar
22:01 Fervor
23:18 Hand Cart
24:20 Fishing Lines
31:13 Imperial Age
29:07 Husbandry
29:18 Bloodlines
29:13 Town Watch
29:57 Scale Barding Armor
29:58 Gillnets
30:55 Heavy Plow
31:28 Hill Forts
31:30 Elite Leitis
33:08 Town Patrol
33:23 Forging
35:49 Iron Casting
35:55 Chain Barding Armor
36:26 Masonry
37:26 Chemistry
37:08 Fletching
37:18 Padded Archer Armor
39:25 Elite Skirmisher
41:23 Light Cavalry
45:12 Two-Man Saw
43:56 Onager
44:23 Winged Hussar
47:25 Plate Barding Armor
46:46 Bodkin Arrow
47:06 Leather Archer Armor
LaViejaChicha
12:59 Feudal Age
17:22 Castle Age
16:19 Double-Bit Axe
16:45 Horse Collar
19:15 Loom
22:10 Bow Saw
25:09 Heavy Plow
26:50 Bloodlines
26:44 Husbandry
29:55 Wheelbarrow
29:54 Scale Barding Armor
30:02 Forging
33:56 Szlachta Privileges
36:27 Imperial Age
34:16 Hand Cart
34:52 Iron Casting
34:39 Chain Barding Armor
37:41 Cavalier
38:02 Light Cavalry
38:58 Gold Mining
38:58 Stone Mining
38:58 Town Watch
40:20 Blast Furnace
42:29 Winged Hussar
46:33 Crop Rotation
50:13 Conscription
Njamv
0:32 Loom
12:43 Feudal Age
13:40 Double-Bit Axe
14:13 Horse Collar
20:08 Castle Age
19:25 Gold Mining
23:56 Wheelbarrow
23:35 Stone Mining
25:25 Bow Saw
26:04 Town Watch
29:39 Heavy Plow
30:46 Crossbowman
34:42 Imperial Age
32:27 Fletching
32:37 Padded Archer Armor
33:03 Ballistics
33:42 Bodkin Arrow
34:02 Leather Archer Armor
34:21 Thumb Ring
34:58 Arbalester
36:12 Ring Archer Armor
38:12 Chemistry
39:15 Bracer
41:29 Fortified Wall
42:35 Elite Skirmisher
Chanchoman21
0:30 Loom
12:01 Feudal Age
16:31 Castle Age
14:58 Double-Bit Axe
15:51 Horse Collar
16:20 Stone Mining
16:31 Town Watch
23:50 Bow Saw
25:34 Wheelbarrow
31:44 Imperial Age
29:59 Gold Mining
30:43 Heavy Plow
33:04 Conscription
34:41 Chemistry
37:14 Hand Cart
38:04 Two-Man Saw
36:50 Elite Organ Gun
38:30 Fortified Wall
38:36 Siege Engineers
45:49 Padded Archer Armor
45:12 Elite Skirmisher
45:47 Fletching
45:23 Pikeman
45:55 Imperial Skirmisher
49:31 Bodkin Arrow
Connection lost

Rejoining the realm…

Still unreachable

The connection could not be restored.

Session expired

The server has moved on; the page needs a fresh start.